 Dungeon Crawl Stone Soup version 0.19.5 (webtiles) character file.

292789 greprep the Unseen (level 19, -8/102 HPs)
             Began as a Spriggan Enchanter on May 15, 2017.
             Was the Champion of Ashenzari.
             Mangled by a flail of protection (20 damage)
             ... on level 2 of the Elven Halls on May 17, 2017.
             The game lasted 04:42:22 (69641 turns).

greprep the Unseen (Spriggan Enchanter)            Turns: 69641, Time: 04:42:22

Health: -8/102     AC: 13    Str:  8    XL:     19   Next: 99%
Magic:  39/39      EV: 27    Int: 17    God:    Ashenzari [******]
Gold:   26         SH: 14    Dex: 29    Spells: 13 memorised, 2 levels left

rFire  + . .     SeeInvis +     a - +5 dagger (freeze) (curse)
rCold  . . .     Gourm    .     I - +0 swamp dragon scales
rNeg   . . .     Faith    .     H - +0 buckler (curse)
rPois  +         Spirit   .     m - +2 hat (curse)
rElec  .         Reflect  .     p - +1 cloak (curse)
rCorr  .         Harm     .     (gloves unavailable)
MR     +++..     Clarity  +     (boots unavailable)
Stlth  ++++++....               (no amulet)
                                y - +3 ring of dexterity (curse)
                                Q - ring "Vaeqo" {rF+ Str+4 Dex+2} (curse)

@: repel missiles, drained, very quick
A: unfitting armour, large bone plates 1, see invisible, herbivore 3, speed 3,
slow metabolism 2
a: Curse Item, Scrying, Transfer Knowledge, Renounce Religion
}: 2/15 runes: decaying, gossamer


You were on level 2 of the Elven Halls.
You worshipped Ashenzari.
Ashenzari was exalted by your worship.
You were not hungry.

You visited 8 branches of the dungeon, and saw 35 of its levels.
You also visited: Sewer, Bailey and Ice Cave.

You collected 3274 gold pieces.
You spent 3248 gold pieces at shops.

Inventory:

Hand Weapons
 a - a cursed +5 dagger of freezing (weapon)
 A - a +1 demon whip of venom
 T - the +4 long sword of the Unstoppable Wishes {slice, +Rage rC+ rN+ MR+}
   (You found it on level 1 of the Lair of Beasts)

   It inflicts extra damage upon your enemies.
   It protects you from cold.
   It protects you from negative energy.
   It affects your resistance to hostile enchantments.
   It lets you go berserk.
Armour
 m - a cursed +2 hat (worn)
 p - a cursed +1 cloak (worn)
 s - a +2 robe of resistance
 H - a cursed +0 buckler (worn)
 I - +0 swamp dragon scales (worn)
Jewellery
 h - an uncursed ring of protection from cold
 q - an uncursed ring of protection from fire
 t - an uncursed ring of flight
 y - a cursed +3 ring of dexterity (right hand)
 Q - the cursed ring "Vaeqo" (left hand) {rF+ Str+4 Dex+2}
   (You bought it in a shop on level 1 of the Orcish Mines)

   [ring of dexterity]

   It affects your strength (+4).
   It affects your dexterity (+2).
   It protects you from fire.
   It has a curse placed upon it.
 V - an uncursed ring of protection from magic
 W - an uncursed ring of magical power
Wands
 w - a wand of confusion (21/48)
 C - a wand of paralysis (12/24)
 D - a wand of teleportation (4/9)
 M - a wand of teleportation (0/9)
 O - a wand of paralysis (12/24)
 P - a wand of disintegration (10/24)
Scrolls
 o - 3 scrolls of enchant weapon
 u - a scroll of fear
 v - a scroll of teleportation
 E - 2 scrolls of recharging
 G - 4 scrolls of amnesia
 J - 2 scrolls of blinking
 S - 2 scrolls of magic mapping
 U - 3 scrolls of identify
Potions
 f - 4 potions of berserk rage
 g - 4 potions of flight
 j - 6 potions of curing
 k - 6 potions of haste
 l - a potion of ambrosia
 x - a potion of cure mutation {unknown}
 z - 2 potions of cancellation
 K - a potion of resistance
 X - 3 potions of brilliance
 Y - 3 potions of agility
Books
 b - a book of Minor Magic

   Spells                             Type                      Level
   a - Magic Dart                     Conjuration                  1
   b - Blink                          Translocation                2
   c - Call Imp                       Summoning                    2
   d - Repel Missiles                 Charms/Air                   2
   e - Slow                           Hexes                        2
   f - Conjure Flame                  Conjuration/Fire             3
   g - Mephitic Cloud                 Conjuration/Poison/Air       3
 c - a book of Maledictions

   Spells                             Type                      Level
   a - Corona                         Hexes                        1
   b - Ensorcelled Hibernation        Hexes/Ice                    2
   c - Confuse                        Hexes                        3
   d - Tukima's Dance                 Hexes                        3
   e - Dazzling Spray                 Conjuration/Hexes            3
 d - a book of the Earth

   Spells                             Type                      Level
   a - Leda's Liquefaction            Hexes/Earth                  4
   b - Bolt of Magma                  Conjuration/Fire/Earth       5
   c - Statue Form                    Transmutation/Earth          6
   d - Iron Shot                      Conjuration/Earth            6
   e - Shatter                        Earth                        9
 e - a book of Summonings

   Spells                             Type                      Level
   a - Recall                         Summoning/Translocation      3
   b - Aura of Abjuration             Summoning                    5
   c - Summon Demon                   Summoning                    5
   d - Summon Forest                  Summoning/Translocation      5
   e - Summon Mana Viper              Hexes/Summoning              5
   f - Shadow Creatures               Summoning                    6
 i - a book of Misfortune

   Spells                             Type                      Level
   a - Confusing Touch                Hexes                        1
   b - Confuse                        Hexes                        3
   c - Gell's Gravitas                Hexes/Translocation          3
   d - Petrify                        Transmutation/Earth          4
   e - Metabolic Englaciation         Hexes/Ice                    5
   f - Yara's Violent Unravelling     Hexes/Transmutation          5
 n - a book of Death

   Spells                             Type                      Level
   a - Corpse Rot                     Necromancy                   2
   b - Sublimation of Blood           Necromancy                   2
   c - Agony                          Necromancy                   5
   d - Dispel Undead                  Necromancy                   5
   e - Excruciating Wounds            Charms/Necromancy            5
   f - Bolt of Draining               Conjuration/Necromancy       5
 r - a book of Callings

   Spells                             Type                      Level
   a - Summon Small Mammal            Summoning                    1
   b - Call Imp                       Summoning                    2
   c - Call Canine Familiar           Summoning                    3
   d - Summon Guardian Golem          Hexes/Summoning              3
   e - Summon Lightning Spire         Summoning/Air                4
   f - Summon Ice Beast               Ice/Summoning                4
 B - the Incunabulum of Cloudy Hexes
   (You found it on level 6 of the Dungeon)

   Spells                             Type                      Level
   a - Shock                          Conjuration/Air              1
   b - Confusing Touch                Hexes                        1
   c - Static Discharge               Conjuration/Air              3
   d - Fulminant Prism                Conjuration/Hexes            4
   e - Metabolic Englaciation         Hexes/Ice                    5
   f - Silence                        Hexes/Air                    5
 F - a book of Debilitation

   Spells                             Type                      Level
   a - Corona                         Hexes                        1
   b - Slow                           Hexes                        2
   c - Gell's Gravitas                Hexes/Translocation          3
   d - Inner Flame                    Hexes/Fire                   3
   e - Cause Fear                     Hexes                        4
   f - Leda's Liquefaction            Hexes/Earth                  4
 L - a book of Fire

   Spells                             Type                      Level
   a - Ignite Poison                  Fire/Transmutation/Poison    3
   b - Fireball                       Conjuration/Fire             5
   c - Bolt of Fire                   Conjuration/Fire             6
   d - Delayed Fireball               Conjuration/Fire             7
   e - Ring of Flames                 Charms/Fire                  7
 N - a book of Geomancy

   Spells                             Type                      Level
   a - Sandblast                      Earth                        1
   b - Passwall                       Transmutation/Earth          2
   c - Stone Arrow                    Conjuration/Earth            3
   d - Petrify                        Transmutation/Earth          4
   e - Lee's Rapid Deconstruction     Earth                        5
 R - a book of the Warp

   Spells                             Type                      Level
   a - Gell's Gravitas                Hexes/Translocation          3
   b - Portal Projectile              Translocation                3
   c - Force Lance                    Conjuration/Translocation    4
   d - Dispersal                      Translocation                6
   e - Controlled Blink               Translocation                8
   f - Disjunction                    Translocation                8


   Skills:
 * Level 12.1(10.7) Fighting
 * Level 13.5(16.1) Short Blades
 + Level 6.3(8.2) Armour
 * Level 10.2(11.6) Dodging
 * Level 17.4(16.0) Stealth
 + Level 6.6(8.5) Shields
 + Level 15.6(14.2) Spellcasting
 + Level 5.5(7.3) Conjurations
 + Level 14.2(15.3) Hexes
 + Level 0.4(0.5) Charms
 + Level 0.4(0.5) Summonings
 * Level 10.5(11.9) Translocations
 + Level 2.9(4.3) Transmutations
 + Level 4.8(6.6) Fire Magic
 + Level 6.9(8.7) Ice Magic
 + Level 2.1(3.3) Air Magic
 + Level 6.6(8.5) Earth Magic
 + Level 3.0(4.5) Poison Magic
 + Level 1.1(1.9) Evocations


You had 2 spell levels left.
You knew the following spells:

 Your Spells              Type           Power        Failure   Level  Hunger
a - Yara's Violent Unrav  Hex/Tmut       #####.....   10%         5    ####...
b - Ensorcelled Hibernat  Hex/Ice        ######       1%          2    None
c - Confuse               Hex            ######..     1%          3    None
d - Dazzling Spray        Conj/Hex       ######       1%          3    None
e - Fulminant Prism       Conj/Hex       ######....   1%          4    #......
f - Mephitic Cloud        Conj/Pois/Air  ####....     6%          3    None
g - Repel Missiles        Chrm/Air       ###...       12%         2    None
h - Lee's Rapid Deconstr  Erth           #####.....   12%         5    ####...
i - Call Imp              Summ           ##......     17%         2    None
k - Ignite Poison         Fire/Tmut/Pois ####....     6%          3    None
l - Blink                 Tloc           N/A          1%          2    None
n - Fireball              Conj/Fire      #####.....   21%         5    ####...
o - Controlled Blink      Tloc           N/A          100%        8    #######


Dungeon Overview and Level Annotations

Branches:
Dungeon (15/15) Temple (1/1) D:7 Lair (6/6) D:9 Swamp (4/4) Lair:4 Spider (4/4) Lair:3 Slime (1/5) Lair:6 Orc (2/2) D:11 Elf (2/3) Orc:2 Vaults (0/5) D:13 D:14 Depths (0/5) D:15

Altars:
Ashenzari
Cheibriados
Dithmenos
Elyvilon
Fedhas
Gozag
Hepliaklqana
Kikubaaqudgha
Makhleb
Nemelex Xobeh
Okawaru
Qazlal
Ru
Sif Muna
Trog
Uskayaw
Vehumet
Xom
Yredelemnul
Zin
The Shining One
Beogh
Jiyva

Shops:
D:5 (   Orc:1 }*?=}   Orc:2 }(:!!

Portals:
Pandemonium: Orc:2
Trove: D:13 (give +6 demon whip)

Annotations:
Elf:2 5 runed doors


Innate Abilities, Weirdness & Mutations

You are very small and have problems with some larger weapons.
You are too small for most types of armour.
You have supernaturally acute eyesight. (SInv)
You are a herbivore.
You cover ground extremely quickly.
You need consume almost no food.
You are partially covered in large bone plates. (SH +4)


Message History

The deep elf archer unwields an uncursed short sword.
The deep elf archer wields an uncursed longbow.
The deep elf archer shoots an arrow.
You block the arrow.
The deep elf knight casts a spell.
The deep elf knight flickers and vanishes for a moment.
You see here an arrow.
The deep elf mage gestures at you while chanting.
You block the shard of ice.
The deep elf archer shouts!
The deep elf archer shoots an arrow.
The arrow is repelled.
The deep elf annihilator mumbles some strange words.
The deep elf annihilator blinks!
You see here an arrow.
The flail of protection hits you! The deep elf mage casts a spell at you.
The bolt of negative energy hits you!
You feel drained.
* * * LOW HITPOINT WARNING * * *
There is a stone staircase leading up here.
The flail of protection hits you!!
You die...

' ###..##....#..... *+
#.# ##...#..#e...### *
#.#####.#..#(.##..#### *
##'...#(.#.e##.......# ,
{ #(......E.e.{({....#
#.......#e{#.e.(..#...,,
#...>..('..e##....#e, *
#......(###...#(.#ee.{*
*,* #......@#
###.#..#,.##,, *,
###...### #..#e.#*.. ,
*,* #### ##.#.... # *,
#.#### *,* * * .# *,* ,,
* * + * , >* , , * * *
,,, * * ** , , , * **


You could see a deep elf annihilator, a deep elf archer, a water elemental, 2
deep elf magi and 2 dancing weapons.

Vanquished Creatures
  Arachne (Spider:4)
  Rupert (D:13)
  Gastronok (D:11)
  Frances (D:13)
  4 thorn hunters
  2 azure jellies
  Donald (Spider:2)
  9 ghost moths (Spider:4)
  Louise (Swamp:2)
  4 emperor scorpions
  4 entropy weavers
  Azrael (Spider:3)
  A dire elephant (D:15)
  Nessos (D:14)
  2 deep elf demonologists (Elf:1)
  2 spark wasps (Spider:4)
  An ettin (Orc:2)
  Snorg (Lair:4)
  A fire dragon (Lair:6)
  A deep elf death mage (Orc:2)
  Josephine (Lair:5)
  Erolcha (Orc:1)
  A death ooze (Lair:6)
  2 ghost crabs
  31 hydras
  18 alligators
  5 dancing weapons
  4 centaur warriors
  3 tengu warriors
  Urug (D:11)
  8 orc high priests (Orc:2)
  A soul eater (Orc:2)
  8 deep elf knights
  12 spriggans
  Sonja (D:12)
  Nergalle (Orc:1)
  3 infernal demonspawn (Orc:2)
  2 shambling mangroves
  A torturous demonspawn (Orc:2)
  10 swamp dragons
  2 unseen horrors
  A spriggan druid (Swamp:4)
  3 deep elf archers (Elf:1)
  4 hill giants
  A lindwurm (Lair:6)
  8 orc knights
  27 deep elf magi
  4 orc sorcerers
  31 wolf spiders
  14 ugly things
  25 orb spiders
  A wolf spider zombie (D:14)
  2 cyclopes (D:15)
  A moth of wrath (Spider:3)
  10 elephants
  2 manticores (D:15)
  2 rust devils (Orc:2)
  6 black mambas
  3 torpor snails
  3 molten gargoyles (Lair:6)
  3 gargoyles
  13 spiny frogs
  9 centaur skeletons
  A rime drake (Lair:2)
  2 kobold demonologists (D:15)
  9 komodo dragons
  18 demonic crawlers
  A red devil (Orc:2)
  A queen bee (shapeshifter) (D:15)
  4 ice devils
  6 trolls
  8 tyrant leeches
  A two-headed ogre (D:13)
  4 polar bears
  Grinder (D:4)
  29 jumping spiders
  21 hornets
  26 blink frogs
  8 bog bodies
  23 slime creatures
  10 hippogriffs
  2 dream sheep (Lair:4)
  5 shadows
  53 yaks
  A centaur simulacrum (D:15)
  2 air elementals (Elf:1)
  4 wyverns (Lair:6)
  A vampire (D:15)
  38 tarantellas
  47 redbacks
  A water elemental (Elf:1)
  4 basilisks
  9 wraiths
  16 humans (D:13)
  2 fire elementals
  A chaos spawn (Orc:2)
  2 hungry ghosts (D:11)
  A steam dragon (D:8)
  26 vampire mosquitoes
  A warg (D:15)
  10 insubstantial wisps
  23 swamp worms
  10 hell hounds
  5 water moccasins
  A soldier ant (D:11)
  6 porcupines
  43 orc warriors
  13 swamp drakes
  8 ice beasts
  5 ogres
  A black bear (Lair:4)
  2 sky beasts (D:13)
  A necrophage (D:11)
  5 boggarts (D:15)
  An eye of draining (D:15)
  10 centaurs
  9 wolves
  13 crocodiles
  3 big kobolds
  Blork the orc (D:4)
  16 bullfrogs
  2 earth elementals (Elf:1)
  2 wyvern skeletons
  A water moccasin skeleton (D:8)
  11 killer bees
  7 electric eels
  2 howler monkeys
  2 crimson imps
  4 centaur zombies
  2 bullfrog zombies
  5 lava snakes (Lair:6)
  2 quasits
  Crazy Yiuf (D:4)
  9 hounds
  5 jellies
  A bullfrog skeleton (D:11)
  27 orc priests
  31 orc wizards
  Natasha (thrice) (D:4)
  5 iguanas
  10 worker ants
  2 killer bee zombies
  3 hound skeletons
  3 gnolls (Bailey)
  10 adders
  8 shadow imps
  An ooze (Lair:6)
  2 adder skeletons
  A worm (D:2)
  4 dart slugs
  7 leopard geckos
  103 orcs
  9 giant cockroaches
  10 goblins
  4 hobgoblins
  8 jackals (D:5)
  4 quokkas
  A ball python (D:5)
  10 bats
  7 frilled lizards
  A jackal skeleton (D:4)
  34 kobolds
  7 rats
  5 briar patches
  2 fulminant prisms (Orc:2)
  A plant (Lair:6)
1283 creatures vanquished.

Vanquished Creatures (collateral kills)
  A jumping spider (Spider:4)
1 creature vanquished.

Vanquished Creatures (others)
  A spriggan druid (Swamp:4)
  A bog body (Swamp:3)
  A shadow (D:13)
  A swamp drake (Swamp:2)
  A centaur (D:13)
  A briar patch (Swamp:3)
  35 fulminant prisms
  19 fungi
  8 plants
68 creatures vanquished.

Grand Total: 1352 creatures vanquished

Notes
Turn   | Place    | Note
-------+----------+-------------------------------------------
     0 | D:1      | greprep the Spriggan Enchanter began the quest for the Orb.
     0 | D:1      | Reached XP level 1. HP: 9/9 MP: 5/5
   112 | D:1      | Reached XP level 2. HP: 13/13 MP: 6/6
   116 | D:1      | Learned a level 2 spell: Ensorcelled Hibernation
   728 | D:1      | Reached skill level 5 in Stealth
   991 | D:2      | Reached XP level 3. HP: 14/16 MP: 0/8
  1184 | D:2      | Learned a level 3 spell: Confuse
  2183 | D:3      | Found a deep blue altar of Sif Muna.
  2183 | D:3      | Found an opulent altar of Gozag.
  2184 | D:3      | Found a hazy altar of Hepliaklqana.
  2194 | D:3      | Reached XP level 4. HP: 21/21 MP: 5/9
  2494 | D:3      | Found a white marble altar of Elyvilon.
  2534 | D:3      | Found a glowing golden altar of the Shining One.
  2578 | D:3      | Reached skill level 6 in Stealth
  3059 | D:3      | Found a glowing drain.
  3067 | Sewer    | Entered a sewer
  3191 | Sewer    | Noticed a crocodile
  3264 | Sewer    | Killed a crocodile
  3264 | Sewer    | Reached skill level 1 in Armour
  3264 | Sewer    | Reached XP level 5. HP: 16/25 MP: 0/10
  3870 | D:4      | Reached skill level 7 in Stealth
  3950 | D:4      | Noticed an ice beast
  4010 | D:4      | Killed an ice beast
  4010 | D:4      | Reached skill level 1 in Fighting
  4010 | D:4      | Reached XP level 6. HP: 13/30 MP: 3/12
  4227 | D:4      | Found a runed door.
  4231 | D:4      | Noticed Crazy Yiuf
  4235 | D:4      | Killed Crazy Yiuf
  4235 | D:4      | Reached skill level 1 in Ice Magic
  4305 | D:4      | Noticed Blork the orc
  4311 | D:4      | Killed Blork the orc
  4427 | D:4      | Noticed Natasha
  4449 | D:4      | Killed Natasha
  4613 | D:4      | Noticed Grinder
  4617 | D:4      | Reached XP level 7. HP: 33/33 MP: 13/13
  4625 | D:4      | Killed Grinder
  4625 | D:4      | Reached skill level 5 in Dodging
  4625 | D:4      | Reached skill level 8 in Stealth
  4669 | D:4      | Noticed Natasha
  4673 | D:4      | Killed Natasha
  4810 | D:4      | Noticed Natasha
  4824 | D:4      | Killed Natasha
  4897 | D:5      | Entered Level 5 of the Dungeon
  4964 | D:5      | Found Ygax's Antique Weapon Shoppe.
  5604 | D:5      | Reached skill level 9 in Stealth
  5811 | D:5      | Reached XP level 8. HP: 39/39 MP: 1/15
  6360 | D:5      | Found a stormy altar of Qazlal.
  6536 | D:6      | Reached skill level 5 in Hexes
  6676 | D:6      | Identified the Incunabulum of Cloudy Hexes
  6893 | D:6      | You fall through a shaft!
  6895 | D:7      | You fall through a shaft!
  6986 | D:7      | Reached skill level 10 in Stealth
  7039 | D:7      | Found a staircase to the Ecumenical Temple.
  7308 | D:7      | Found a flagged portal.
  7321 | Bailey   | Entered a bailey
  7487 | Bailey   | Noticed an orc knight
  7519 | Bailey   | Killed an orc knight
  7519 | Bailey   | Reached skill level 5 in Spellcasting
  7533 | Bailey   | Noticed an orc knight
  7680 | Bailey   | Learned a level 3 spell: Dazzling Spray
  7869 | Bailey   | Killed an orc knight
  7869 | Bailey   | Reached skill level 11 in Stealth
  7869 | Bailey   | Reached XP level 9. HP: 44/44 MP: 2/17
  9071 | Temple   | Entered the Ecumenical Temple
  9132 | Temple   | Became a worshipper of Ashenzari the Shackled
  9405 | D:8      | Found a bloodstained altar of Trog.
  9566 | D:8      | You fall through a shaft!
  9583 | D:9      | Reached skill level 1 in Conjurations
  9618 | D:9      | Reached skill level 5 in Short Blades
  9811 | D:9      | Found a staircase to the Lair.
  9869 | D:9      | Noticed a komodo dragon
  9876 | D:9      | Killed a komodo dragon
  9964 | D:9      | Reached skill level 12 in Stealth
 10493 | D:8      | Reached * piety under Ashenzari
 10626 | D:8      | Identified the cursed +1 ring mail of the Dice {rN+}
 10737 | D:8      | Reached XP level 10. HP: 49/49 MP: 11/20
 10914 | D:9      | Learned a level 4 spell: Fulminant Prism
 11355 | D:10     | Entered Level 10 of the Dungeon
 11366 | D:10     | Found a radiant altar of Vehumet.
 13132 | D:11     | Reached XP level 11. HP: 45/54 MP: 9/23
 13255 | D:11     | Reached ** piety under Ashenzari
 13517 | D:11     | Noticed Gastronok
 13731 | D:11     | Killed Gastronok
 13835 | D:11     | Noticed a hill giant
 13849 | D:11     | Killed a hill giant
 14076 | D:11     | Noticed Urug
 14123 | D:11     | Killed Urug
 14123 | D:11     | Reached skill level 5 in Fighting
 14350 | D:11     | Found a staircase to the Orcish Mines.
 14866 | D:12     | Noticed a white ugly thing
 14878 | D:12     | Killed a white ugly thing
 14886 | D:12     | Learned a level 3 spell: Mephitic Cloud
 14889 | D:12     | Learned a level 2 spell: Repel Missiles
 14916 | D:12     | Noticed Sonja
 14940 | D:12     | Killed Sonja
 15037 | D:12     | Noticed a hill giant
 15044 | D:12     | Killed a hill giant
 15044 | D:12     | Reached skill level 5 in Armour
 15885 | D:13     | Noticed a centaur warrior
 15893 | D:13     | Killed a centaur warrior
 15893 | D:13     | Reached XP level 12. HP: 49/60 MP: 15/25
 15899 | D:13     | Noticed a centaur warrior
 15910 | D:13     | Killed a centaur warrior
 16037 | D:13     | Noticed Frances
 16055 | D:13     | Killed Frances
 16055 | D:13     | Reached skill level 10 in Dodging
 16064 | D:13     | Reached skill level 1 in Poison Magic
 16164 | D:13     | Reached skill level 1 in Air Magic
 16187 | D:13     | Noticed a centaur warrior
 16413 | D:13     | Killed a centaur warrior
 16629 | D:13     | Found a portal to a secret trove of treasure.
 16680 | D:13     | Reached skill level 10 in Spellcasting
 16703 | D:13     | Reached *** piety under Ashenzari
 16882 | D:14     | Found a gate to the Vaults.
 16882 | D:14     | Noticed Rupert
 16882 | D:14     | Noticed Nessos
 16882 | D:14     | Noticed a tengu warrior
 16915 | D:13     | Killed Rupert
 17100 | D:13     | Killed a tengu warrior
 17100 | D:13     | Reached skill level 10 in Hexes
 17244 | D:13     | Reached XP level 13. HP: 65/65 MP: 12/28
 17706 | D:14     | Killed Nessos
 17994 | D:14     | Reached skill level 5 in Conjurations
 18731 | D:15     | Entered Level 15 of the Dungeon
 18980 | D:15     | Found a staircase to the Depths.
 18980 | D:15     | Noticed a dire elephant
 18987 | D:15     | Killed a dire elephant
 18987 | D:15     | Reached skill level 5 in Ice Magic
 19408 | D:15     | Reached skill level 13 in Stealth
 19574 | D:15     | Reached **** piety under Ashenzari
 20519 | D:15     | Reached XP level 14. HP: 50/70 MP: 3/30
 21033 | D:15     | Reached skill level 14 in Stealth
 21186 | Orc:1    | Entered Level 1 of the Orcish Mines
 21223 | Orc:1    | Found Zaemotal's Gadget Shoppe.
 21226 | Orc:1    | Found Uttuxt's Jewellery Boutique.
 21237 | Orc:1    | Bought the ring "Vaeqo" {rF+ Str+4 Dex+2} for 478 gold pieces
 21241 | Orc:1    | Found Hulyamew's Assorted Antiques.
 21242 | Orc:1    | Found a roughly hewn altar of Beogh.
 21243 | Orc:1    | Noticed Nergalle
 21244 | Orc:1    | Found Yfroh's Magic Scroll Emporium.
 21247 | Orc:1    | Bought a scroll of identify for 20 gold pieces
 21247 | Orc:1    | Bought a scroll of magic mapping for 35 gold pieces
 21260 | Orc:1    | Bought a translucent golden ring for 150 gold pieces
 21260 | Orc:1    | Identified the ring of Pimiuhof {rC+ SInv} (You bought it in a shop on level 1 of the Orcish Mines)
 21291 | Orc:1    | Noticed Erolcha
 21307 | Orc:1    | Found a frozen archway.
 21329 | IceCv    | Entered an ice cave
 21337 | IceCv    | Reached skill level 10 in Short Blades
 21740 | Orc:1    | Killed Erolcha
 22143 | Orc:2    | Entered Level 2 of the Orcish Mines
 22147 | Orc:2    | Found a staircase to the Elven Halls.
 22431 | Orc:1    | Found Ovuzuivy's Gadget Shoppe.
 22642 | Orc:1    | Killed Nergalle
 23217 | Orc:2    | Found Saujoc's Quality Used Wands.
 23570 | Orc:2    | Reached ***** piety under Ashenzari
 23849 | Orc:2    | Found Rixuar's Distillery.
 23851 | Orc:2    | Found Qygihic's Distillery.
 24597 | Orc:2    | Reached skill level 15 in Stealth
 26006 | Orc:2    | Learned a level 3 spell: Stone Arrow
 26487 | Orc:2    | Learned a level 2 spell: Call Imp
 26946 | Orc:2    | Paralysed by an orc sorcerer for 5 turns
 27349 | Orc:2    | Learned a level 1 spell: Magic Dart
 29293 | Orc:2    | Found Vuts's Book Boutique.
 29293 | Orc:2    | Found a one-way gate leading to the halls of Pandemonium.
 29293 | Orc:2    | Found Imepnooth's Antique Weapon Shop.
 29425 | Orc:2    | Bought a book of Fire for 845 gold pieces
 29658 | Lair:1   | Entered Level 1 of the Lair of Beasts
 29758 | Lair:1   | Learned a level 3 spell: Ignite Poison
 30002 | Lair:1   | Identified the +4 long sword of the Unstoppable Wishes {slice, +Rage rC+ rN+ MR+} (You found it on level 1 of the Lair of Beasts)
 31608 | Lair:3   | Found a blossoming altar of Fedhas.
 31720 | Lair:3   | Reduced skill Stealth to level 14
 31728 | Lair:3   | Reached XP level 15. HP: 66/78 MP: 7/32
 32157 | Lair:3   | Identified a scroll of acquirement
 32232 | Lair:3   | Reduced skill Stealth to level 13
 32387 | Lair:3   | Found a hole to the Spider Nest.
 32930 | Lair:4   | Reached skill level 1 in Transmutations
 33044 | Lair:4   | Noticed Snorg
 33047 | Lair:4   | Reduced skill Stealth to level 12
 33102 | Lair:4   | Killed Snorg
 33102 | Lair:4   | Reached skill level 10 in Fighting
 33102 | Lair:4   | Reached skill level 1 in Fire Magic
 33592 | Lair:4   | Found a staircase to the Swamp.
 34191 | Lair:5   | Noticed Josephine
 34201 | Lair:5   | Killed Josephine
 34227 | Lair:5   | Reached skill level 13 in Stealth
 34373 | Lair:5   | Learned a level 2 spell: Blink
 35452 | Lair:6   | Entered Level 6 of the Lair of Beasts
 35458 | Lair:6   | Reached ****** piety under Ashenzari
 35863 | Lair:6   | Found a runed door.
 35866 | Lair:6   | Found a viscous altar of Jiyva.
 35866 | Lair:6   | Found a staircase to the Slime Pits.
 37031 | Lair:6   | Reached skill level 14 in Stealth
 37436 | Lair:6   | Found a large runed door.
 37439 | Lair:6   | Found a large runed door.
 38697 | Swamp:1  | Entered Level 1 of the Swamp
 39371 | Swamp:1  | Reached XP level 16. HP: 83/86 MP: 22/34
 39409 | Swamp:1  | Reached skill level 15 in Stealth
 39995 | Swamp:1  | Gained mutation: You are partially covered in large bone plates. (SH +4) [potion of beneficial mutation]
 40616 | Swamp:2  | Noticed Louise
 40651 | Swamp:2  | Killed Louise
 41947 | Swamp:3  | Noticed a thorn hunter
 41953 | Swamp:3  | Reached skill level 1 in Earth Magic
 42893 | Swamp:1  | Learned a level 7 spell: Delayed Fireball
 42899 | Swamp:1  | Learned a level 5 spell: Fireball
 43035 | Swamp:2  | Killed a thorn hunter
 43035 | Swamp:2  | Reduced skill Stealth to level 14
 43224 | Swamp:3  | Reached skill level 1 in Evocations
 43228 | Swamp:3  | Reduced skill Stealth to level 13
 43386 | Swamp:3  | Reached skill level 5 in Earth Magic
 43444 | Swamp:4  | Entered Level 4 of the Swamp
 43642 | Swamp:3  | Noticed a thorn hunter
 43834 | Swamp:4  | Reduced skill Stealth to level 12
 43957 | Swamp:3  | Killed a thorn hunter
 44847 | Swamp:2  | Reached skill level 1 in Shields
 46191 | Swamp:3  | Reached skill level 5 in Shields
 46531 | Swamp:3  | Noticed a thorn hunter
 46656 | Swamp:3  | Killed a thorn hunter
 47363 | Swamp:4  | Noticed a thorn hunter
 47734 | Swamp:3  | Reached XP level 17. HP: 51/91 MP: 26/35
 47968 | Swamp:4  | Reached skill level 13 in Stealth
 49585 | Swamp:4  | Got a decaying rune of Zot
 50354 | Spider:1 | Entered Level 1 of the Spider Nest
 50884 | Spider:1 | Identified the +7 quarterstaff of the Shining Light {crush, rElec rF+ Str+6 Int-3}
 52388 | Spider:2 | Noticed Donald
 52397 | Spider:2 | Killed Donald
 52734 | Spider:2 | Reached skill level 14 in Stealth
 54150 | Spider:3 | Noticed Azrael
 55522 | Spider:4 | Entered Level 4 of the Spider Nest
 56399 | Spider:4 | Reached skill level 15 in Stealth
 56507 | Spider:4 | Reached XP level 18. HP: 96/96 MP: 37/37
 56829 | Spider:3 | Killed Azrael
 57472 | Spider:4 | Noticed Arachne
 58242 | Spider:4 | Killed Arachne
 62751 | Spider:4 | Reached skill level 15 in Spellcasting
 62753 | Spider:4 | Reached skill level 16 in Stealth
 63016 | Spider:4 | Got a gossamer rune of Zot
 63563 | Orc:2    | Bought a book of the Warp for 1170 gold pieces
 63909 | Slime:1  | Entered Level 1 of the Pits of Slime
 64587 | Lair:6   | Reached skill level 5 in Translocations
 64603 | Lair:6   | Learned a level 8 spell: Controlled Blink
 65916 | Elf:1    | Entered Level 1 of the Elven Halls
 66083 | Elf:1    | Reduced skill Dodging to level 10
 66720 | Elf:1    | Learned a level 5 spell: Yara's Violent Unravelling
 67158 | Elf:1    | Found a radiant altar of Vehumet.
 67217 | Elf:1    | Learned a level 5 spell: Lee's Rapid Deconstruction
 67739 | Orc:2    | Bought a potion of experience for 550 gold pieces
 67739 | Orc:2    | Reached skill level 17 in Stealth
 67739 | Orc:2    | Reached skill level 10 in Translocations
 67739 | Orc:2    | Reached XP level 19. HP: 101/101 MP: 39/39
 67915 | Elf:1    | Reached skill level 10 in Dodging
 69492 | Elf:2    | Found a huge runed gate.
 69492 | Elf:2    | Found a huge runed gate.
 69492 | Elf:2    | Found a huge runed gate.
 69492 | Elf:2    | Found a huge runed gate.
 69492 | Elf:2    | Found a huge runed gate.
 69641 | Elf:2    | Mangled by a flail of protection

Skill      XL: |  1  2  3  4  5  6  7  8  9 10 11 12 13 14 15 16 17 18 19 |
---------------+----------------------------------------------------------+-----
Stealth        | 5 6 7 9 11 12 13 14 14 12 15 17 | 17.4
Spellcasting   | 3 4 5 6 7 8 10 11 12 13 14 15 | 15.6
Dodging        | 4 5 6 7 8 9 10 12 13 14 11 12 9 10 | 10.2
Short Blades   | 2 3 4 5 6 7 8 9 10 11 12 13 | 13.5
Armour         | 1 2 3 4 5 6 |  6.3
Hexes          | 4 5 6 7 9 10 11 12 13 14 | 14.2
Fighting       | 1 2 3 4 5 6 8 10 11 12 | 12.1
Ice Magic      | 1 2 3 4 5 6 |  6.9
Conjurations   | 1 3 4 5 |  5.5
Poison Magic   | 1 2 3 |  3.0
Air Magic      | 1 2 |  2.1
Transmutations | 1 2 |  2.9
Fire Magic     | 3 4 |  4.8
Earth Magic    | 6 |  6.6
Evocations     | 1 |  1.1
Shields        | 5 6 |  6.6
Translocations | 10 | 10.5
Charms         | |  0.4
Summonings     | |  0.4

Action                   |  1- 3 |  4- 6 |  7- 9 | 10-12 | 13-15 | 16-18 | 19-21 || total
-------------------------+-------+-------+-------+-------+-------+-------+-------++-------
Melee: Dagger            |    79 |    73 |   234 |   442 |   913 |  1490 |   141 ||  3372
       Short sword       |    21 |    88 |       |       |       |       |       ||   109
Throw: Tomahawk          |       |       |    22 |    11 |     4 |       |       ||    37
 Cast: Ensorcelled Hiber |    24 |    37 |    51 |   142 |   309 |   373 |    30 ||   966
       Confuse           |     2 |     5 |    47 |    45 |   172 |   289 |    15 ||   575
       Dazzling Spray    |       |       |     5 |       |       |     1 |       ||     6
       Fulminant Prism   |       |       |       |    23 |    14 |       |       ||    37
       Mephitic Cloud    |       |       |       |    18 |    52 |    40 |       ||   110
       Repel Missiles    |       |       |       |     2 |     1 |       |     2 ||     5
       Call Imp          |       |       |       |       |    25 |     7 |       ||    32
       Stone Arrow       |       |       |       |       |     6 |     4 |       ||    10
       Ignite Poison     |       |       |       |       |    27 |    49 |       ||    76
       Magic Dart        |       |       |       |       |     3 |    14 |       ||    17
       Fireball          |       |       |       |       |       |    92 |       ||    92
       Lee's Rapid Decon |       |       |       |       |       |    11 |       ||    11
       Yara's Violent Un |       |       |       |       |       |     2 |     6 ||     8
       Blink             |       |       |       |       |       |     1 |       ||     1
Invok: Curse Item        |       |       |     3 |     1 |     2 |     1 |       ||     7
       Scrying           |       |       |     1 |       |     2 |     3 |       ||     6
       Transfer Knowledg |       |       |       |       |     1 |     3 |       ||     4
Evoke: Wand              |       |       |     2 |       |     4 |    12 |     2 ||    20
  Use: Scroll            |     3 |     1 |    16 |     9 |    16 |    21 |     2 ||    68
       Potion            |     1 |     3 |       |       |     6 |    12 |     2 ||    24
 Stab: Sleeping          |    22 |    29 |    52 |    81 |   215 |   237 |    16 ||   652
       Confused          |     1 |     2 |     9 |    46 |   110 |    94 |     5 ||   267
       Distracted        |     1 |       |     3 |     8 |    22 |    28 |     1 ||    63
       Paralysed         |       |       |     1 |       |       |       |       ||     1
       Invisible         |       |       |       |       |     8 |       |       ||     8
  Eat: Pizza             |     1 |     1 |     2 |     3 |     1 |     1 |       ||     9
       Bread ration      |       |     1 |     1 |     1 |     3 |     6 |       ||    12
       Royal jelly       |       |       |     1 |       |     1 |       |       ||     2
       Fruit             |       |       |       |       |       |    14 |       ||    14
Armor: Robe              |     7 |    37 |    23 |    29 |    45 |    14 |       ||   155
       Swamp dragon scal |       |       |       |       |       |   229 |    21 ||   250
Dodge: Dodged            |    80 |   175 |   219 |   453 |   877 |  1692 |    87 ||  3583
       Deflected         |       |       |       |     8 |     2 |     2 |     4 ||    16
Block: Buckler           |       |       |       |       |       |  1161 |    94 ||  1255
       Other             |       |       |       |       |       |    38 |       ||    38
